 Dungeon Crawl Stone Soup version 0.30-a0-219-gf2db51d15e (webtiles) character file.

Game seed: 12757973323027992809

2099 IdlyInterested the Slicer (level 9, -14/60 (72) HPs)
             Began as an Armataur Monk on Oct 7, 2022.
             Was a Follower of Ashenzari.
             Demolished by a wight
             ... wielding a +3 dire flail
              (15 damage)
             ... on level 6 of the Dungeon.
             The game lasted 00:21:13 (6276 turns).

IdlyInterested the Slicer (Armataur Monk)           Turns: 6276, Time: 00:21:13

HP:   -14/60 (72)   AC:  6    Str: 16    XL:     9   Next: 7%
MP:   9/9           EV: 14    Int: 11    God:    Ashenzari [*.....]
Gold: 227           SH:  0    Dex: 17    Spells: 8/8 levels left

rFire   . . .      SeeInvis .    D - +1 dagger of the Wild Blue Yonder {venom, Melee, Bglg} (curse)
rCold   . . .      Faith    .    (no shield)
rNeg    . . .      Spirit   .    e - +0 robe {Archmagi}
rPois   .          Reflect  .    w - +0 helmet
rElec   .          Harm     .    (no cloak)
rCorr   .          Roll     +    g - +0 pair of gloves
Will    .....      Archmagi +    (no barding)
Stlth   ++++......               (no amulet)
HPRegen 0.30/turn                p - ring of the Cursed Vision {EV+4, Fort, Melee} (curse)
MPRegen 0.11/turn                (no ring)

@: heavily drained
A: large, rugged brown scales 3, deformed body, armoured tail, roll, long
tongue, awkward tongue
a: Renounce Religion, Shatter the Chains


You were on level 6 of the Dungeon.
You worshipped Ashenzari.
Ashenzari was aware of your devotion.
You visited 2 branches of the dungeon, and saw 7 of its levels.

You collected 227 gold pieces.

Inventory:

Hand Weapons
 a - a +0 vampiric short sword
 o - a +2 antimagic dagger
 y - a +2 short sword of venom
 A - a +2 dagger of speed
 D - the cursed +1 dagger of the Wild Blue Yonder (weapon) {venom, Melee, Bglg}
   (You took it off an orc wizard on level 6 of the Dungeon)

   It poisons the flesh of those it strikes.
   It has a curse which improves the following skills: Melee Combat: Short
   Blades, Long Blades, Axes, Maces & Flails, Polearms, Staves and Unarmed
   Combat.
   Beguiling: Conjurations, Hexes and Translocations.
Missiles
 i - 24 poisoned darts
 m - 13 boomerangs (quivered)
 B - 2 throwing nets
 C - 4 atropa-tipped darts
Armour
 e - a +0 robe of the Archmagi (worn)
 g - a +0 pair of gloves (worn)
 q - a +0 scale mail
 v - a +0 chain mail
 w - a +0 helmet (worn)
 F - a +0 scale mail
 G - a +0 cloak
Jewellery
 p - the cursed ring of the Cursed Vision (left hand) {EV+4, Fort, Melee}
   (You found it on level 4 of the Dungeon)

   [ring of evasion]

   EV:        It affects your evasion (+4).
   It has a curse which improves the following skills: Fortitude: Armour and
   Shields.
   Melee Combat: Short Blades, Long Blades, Axes, Maces & Flails, Polearms,
   Staves and Unarmed Combat.
 E - a +6 ring of strength
Wands
 r - a wand of roots (8)
 u - a wand of flame (37)
 z - a wand of polymorph (8)
Scrolls
 j - 6 scrolls of teleportation
 n - a scroll of amnesia
Potions
 b - a potion of berserk rage
 c - 3 potions of ambrosia
 d - 4 potions of curing
 f - 2 potions of attraction
 h - 3 potions of heal wounds
 k - 2 potions of lignification
 l - 2 potions of invisibility
 s - 2 potions of brilliance
 t - a potion of magic
 x - 2 potions of degeneration


   Skills:
 + Level 2.7 Fighting
 - Level 9.2(10.6) Short Blades
 - Level 2.1 Dodging
 * Level 8.8 Stealth


You had 8 spell levels left.
You didn't know any spells.
Your spell library contained the following spells:

 Spells                   Type           Power      Damage    Failure   Level
 Foxfire                  Conj/Fire      0%         2x1d4     34%         1
 Freeze                   Ice            0%         1d3       34%         1
 Magic Dart               Conj           0%         1d3       34%         1
 Shock                    Conj/Air       0%         1d3       34%         1
 Searing Ray              Conj           0%         2d4       47%         2
 Frozen Ramparts          Ice            0%         1d1       71%         3
 Hailstorm                Conj/Ice       0%         3d3       71%         3
 Swiftness                Air            0%         N/A       71%         3
 Airstrike                Air            0%         2d(0-16)  98%         4
 Animate Dead             Necr           0%         N/A       98%         4
 Fulminant Prism          Conj/Hex       0%         3d6       98%         4
 Borgnjor's Vile Clutch   Necr/Erth      0%         N/A       100%        5
 Death Channel            Necr           0%         N/A       100%        6


Dungeon Overview and Level Annotations

Branches:
Dungeon (6/15)             Temple (1/1) D:6

Altars:
Ashenzari
Cheibriados
Dithmenos
Elyvilon
Gozag
Kikubaaqudgha
Makhleb
Nemelex Xobeh
Okawaru
Qazlal
Sif Muna
Trog
Vehumet
Wu Jian
Xom
Yredelemnul
Zin
The Shining One

Shops:
D:6 =

Annotations:
D:6 Grinder


Innate Abilities, Weirdness & Mutations

You are completely covered in rugged brown scales. (AC +3, +7% HP)
Armour fits poorly on your strangely shaped body.
You have a long armoured tail.
You roll when moving toward enemies. (Rampage)
Your long tongue fully drains potion bottles. (2x potion effects)
Your tongue gives you trouble enunciating. (1.5x scroll delay)


Message History

The wight is almost destroyed.
You hit the wight but do no damage. You punch the wight, but do no damage.
The wight is almost destroyed.
The wight barely misses you.
You hit the wight but do no damage. You tail-slap the wight.
You destroy the wight!
You roll towards the wight!
You hit the wight but do no damage.
Your tail-slap misses the wight.
The wight hits you with a +3 dire flail!
You feel drained.
You closely miss the wight. You hit the wight but do no damage.
The wight hits you but does no damage.
You closely miss the wight. You hit the wight but do no damage.
The wight closely misses you.
You hit the wight but do no damage. You barely miss the wight.
The wight closely misses you.
You barely miss the wight.
You tail-slap the wight, but do no damage.
You completely miss the wight.
The wight hits you with a +3 dire flail!
You feel drained.
You hit the wight but do no damage. You hit the wight but do no damage.
The wight hits you with a +3 dire flail!
* * * LOW HITPOINT WARNING * * *
You feel drained.
* * * LOW HITPOINT WARNING * * *
You hit the wight but do no damage. You barely miss the wight.
The wight hits you with a +3 dire flail!
* * * LOW HITPOINT WARNING * * *
You feel drained.
* * * LOW HITPOINT WARNING * * *
You closely miss the wight. You tail-slap the wight!
The wight is heavily damaged.
Unknown command.
You hit the wight but do no damage.
The wight is heavily damaged.
The wight hits you with a +3 dire flail!
You die...

.#.#*,*,,,,,,,,###..####*(#
.#.#*,*,,,,,,,,,.......##.##***
.#.#*,***#......,.....5....,,,*
...#*,***#.....#*#........,****
...#*,,,,......* #...##.##,##
.#.#*****#....####...#...#..#
.#.# #....##............#* .#.#
#....##z#....._.....* ...#
#...#*#@#...........*
.#.#######...###.#...#...#...*
...............#.#...##.##z*,*
[#.........................*,*
.#..######.#.#.#.#..##...##*,*
........[)..)..............*,*
....######.###.#.#..###.###*,*
....# #...#...#.#..# #.# *,#
....####...#.#.#.#..###.####.#


You could see a wight.

Vanquished Creatures
  Sigmund (D:2)
  A human (D:3)
  Edmund (D:6)
  A water moccasin (D:5)
  An ice beast (D:5)
  An orc warrior (D:6)
  3 ogres
  A phantom (D:4)
  A kobold brigand (D:5)
  A bullfrog (D:6)
  Blork the orc (D:4)
  2 scorpions
  2 necrophages
  A gnoll sergeant (D:5)
  A wight (D:6)
  4 hounds
  An orc priest (D:6)
  A human skeleton (D:3)
  2 orc wizards (D:6)
  Natasha (thrice) (D:4)
  8 adders
  3 gnolls (D:5)
  A white imp (D:6)
  An ufetubus (D:6)
  5 dart slugs
  8 orcs
  8 bats
  3 endoplasms (D:4)
  7 giant cockroaches
  8 goblins
  7 hobgoblins
  2 jackals (D:3)
  15 kobolds
  5 quokkas
  8 ball pythons
  9 frilled lizards
  A goblin zombie (D:3)
  7 rats
136 creatures vanquished.

Vanquished Creatures (others)
  A plant (D:1)
1 creature vanquished.

Grand Total: 137 creatures vanquished

Notes
Turn   | Place    | Note
-------+----------+-------------------------------------------
     0 | D:1      | IdlyInterested the Armataur Monk began the quest for the
                  | Orb.
     0 | D:1      | Reached XP level 1. HP: 19/19 MP: 1/1
   104 | D:1      | Reached skill level 3 in Short Blades
   148 | D:1      | Reached XP level 2. HP: 26/26 MP: 2/2
   388 | D:1      | Found a faded altar of an unknown god.
   399 | D:1      | Got Plato's Codex of the Summer
   514 | D:1      | Reached XP level 3. HP: 32/32 MP: 3/3
  1306 | D:2      | Noticed Sigmund
  1319 | D:2      | Killed Sigmund
  1320 | D:2      | Reached skill level 5 in Short Blades
  1320 | D:2      | Reached XP level 4. HP: 29/39 MP: 4/4
  1320 | D:2      | Reached XP level 5. HP: 33/44 MP: 5/5
  2193 | D:3      | Reached XP level 6. HP: 53/53 MP: 6/6
  2315 | D:3      | Found an ancient bone altar of Kikubaaqudgha.
  2529 | D:3      | Found a runed translucent door.
  2529 | D:3      | Noticed a human
  2545 | D:3      | Found a basalt altar of Yredelemnul.
  2579 | D:3      | Killed a human
  2580 | D:3      | Reached skill level 5 in Stealth
  2870 | D:3      | Reached skill level 6 in Short Blades
  3219 | D:4      | Noticed Blork the orc
  3221 | D:4      | Killed Blork the orc
  3222 | D:4      | Reached XP level 7. HP: 59/59 MP: 7/7
  3239 | D:4      | Noticed Natasha
  3271 | D:4      | Killed Natasha
  3390 | D:4      | Noticed Natasha
  3400 | D:4      | Killed Natasha
  3516 | D:4      | Noticed Natasha
  3528 | D:4      | Killed Natasha
  3861 | D:5      | Entered Level 5 of the Dungeon
  4027 | D:5      | Reached skill level 7 in Short Blades
  4398 | D:5      | Reached XP level 8. HP: 62/66 MP: 8/8
  4524 | D:5      | Reached skill level 8 in Short Blades
  4997 | D:6      | Found a staircase to the Ecumenical Temple.
  5012 | D:6      | Noticed Edmund
  5029 | D:6      | Killed Edmund
  5047 | Temple   | Entered the Ecumenical Temple
  5293 | Temple   | Became a worshipper of Ashenzari the Shackled
  5655 | D:6      | Reached skill level 9 in Short Blades
  5809 | D:6      | Found Zeodgheonk's Jewellery Shoppe.
  5984 | D:6      | Reached XP level 9. HP: 67/72 MP: 9/9
  6028 | D:6      | Reached * piety under Ashenzari
  6142 | D:6      | Found a stormy altar of Qazlal.
  6181 | D:6      | Found a shimmering blue altar of Sif Muna.
  6228 | D:6      | Found an iron altar of Okawaru.
  6236 | D:6      | Noticed Grinder
  6274 | D:6      | HP: 1/60 [wight/+3 dire flail (3)]
  6276 | D:6      | Demolished by a wight

Illustrated notes

Levels and vault maps discovered:
D:1:      enne_arrival_octagon_isle, layout_basic,
          shapermc_ecumenical_altar_rom_forum
D:2:      layout_basic, uniq_sigmund
D:3:      layout_basic, kiku_gazebo_pond_becter, dk_yredelemnul_ordeal,
          minmay_ruptured
D:4:      layout_loops_cross, uniq_natasha, uniq_blork_the_orc
D:5:      layout_basic
D:6:      layout_basic, okawaru_gym_becter, mainiacjoe_overflow_alcove_1,
          lemuel_blue_sif_altar, minmay_temple_entry_sparse_star, serial_shops,
          shop, kennysheep_generic_room_12, uniq_edmund, uniq_grinder
Temple:   nicolae_temple_figure_eight

Skill      XL: |  1  2  3  4  5  6  7  8 |
---------------+-------------------------+-----
Short Blades   | 3 5 6 7 9 |  9.2
Stealth        | 3 4 5 6 8 |  8.8
Fighting       | |  2.7
Dodging        | |  2.1

Action                   |  1- 3 |  4- 6 |  7- 9 || total
-------------------------+-------+-------+-------++-------
Melee: Short sword       |   101 |   179 |   232 ||   512
       Tailslap          |    20 |    20 |    60 ||   100
       Punch             |     1 |     1 |     4 ||     6
       Dagger            |       |       |    91 ||    91
Throw: Dart              |       |     3 |       ||     3
       Boomerang         |       |       |    10 ||    10
Invok: Curse Item        |       |       |     2 ||     2
Evoke: Wand              |       |       |     1 ||     1
  Use: Scroll            |     3 |     7 |     3 ||    13
 Stab: Sleeping          |    10 |    10 |    10 ||    30
Armor: Robe              |    34 |    52 |    42 ||   128
Dodge: Dodged            |    44 |    67 |   100 ||   211

Table legend: (Time is in decaauts)
 A = Elapsed time spent in this place.
 B = Non-inter-level travel time spent in this place.
 C = Inter-level travel time spent in this place.
 D = Time resting spent in this place.
 E = Time spent auto-exploring this place.
 F = Levels seen in this place.
 G = Mean time per level.
                   A        B        C        D        E       F      G
               +--------+--------+--------+--------+--------+-----+--------+
         Total |   6088 |   5495 |    593 |    126 |   3988 |   7 |  869.7 |
       Dungeon |   5820 |   5240 |    580 |    126 |   3757 |   6 |  970.0 |
        Temple |    267 |    254 |     13 |      0 |    231 |   1 |  267.0 |
               +--------+--------+--------+--------+--------+-----+--------+

Top non-repeatable levels by time:
     D:1: 1117 daAuts
     D:3: 1032 daAuts
     D:5: 987 daAuts
     D:6: 968 daAuts
     D:2: 857 daAuts
     D:4: 857 daAuts
  Temple: 267 daAuts
